 Dungeon Crawl Stone Soup version 0.22-a0-410-g97be04f (webtiles) character file.

10 KristoblXynda the Sneak (level 2, -1/17 HPs)
             Began as an Octopode Enchanter on May 11, 2018.
             Slain by a hobgoblin
             ... wielding a +0 club
              (5 damage)
             ... on level 1 of the Dungeon.
             The game lasted 00:00:26 (246 turns).

KristoblXynda the Sneak (Octopode Enchanter)         Turns: 246, Time: 00:00:26

Health: -1/17      AC:  1    Str:  7    XL:     2   Next: 20%
Magic:  5/5        EV: 13    Int: 17    God:
Gold:   23         SH:  0    Dex: 12    Spells: 4/5 levels left

rFire    . . .     SeeInvis .   a - +1 dagger
rCold    . . .     Gourm    .   (no shield)
rNeg     . . .     Faith    .   (helmet restricted)
rPois    .         Spirit   .   (no amulet)
rElec    .         Reflect  .   (no ring)
rCorr    .         Harm     .   (no ring)
MR       .....                  (no ring)
Stlth    ++++......             (no ring)
HPRegen  0.05/turn              (no ring)
MPRegen  0.09/turn              (no ring)
                                (no ring)
                                (no ring)

@: no status effects
A: almost no armour, stealthy swim, amphibious, 8 rings, constrict 8, camouflage
1, gelatinous body 1
a: no special abilities


You were on level 1 of the Dungeon.
You were not hungry.

You visited 1 branch of the dungeon, and saw 1 of its levels.

You collected 23 gold pieces.

Inventory:

Hand Weapons
 a - a +1 dagger (weapon)
Scrolls
 b - a scroll of fog {unknown}
 f - 2 scrolls of remove curse {unknown}
Potions
 d - a potion of berserk rage {unknown}
 e - a potion of agility {unknown}
 g - a potion of lignification {unknown}
Comestibles
 c - 2 rations


   Skills:
 - Level 1.0 Short Blades
 - Level 2.0 Dodging
 + Level 4.3 Stealth
 + Level 2.2 Spellcasting
 + Level 3.2 Hexes


You had 4 spell levels left.
You knew the following spells:

 Your Spells              Type           Power        Failure   Level  Hunger
a - Corona                Hex            ##.....      4%          1    #......


Dungeon Overview and Level Annotations

Branches:
Dungeon (1/15)

Altars:


Innate Abilities, Weirdness & Mutations

You cannot wear most types of armour.
You are very stealthy in the water. (Stealth+)
You are amphibious.
You can wear up to eight rings at the same time.
You can use your tentacles to constrict eight enemies at once.
Your skin changes colour to match your surroundings (Stealth+).
Your rubbery body absorbs attacks. (AC +1, EV +1)


Message History

The jackal bites you but does no damage.
You hit the jackal but do no damage.
You constrict the jackal, but do no damage.
The jackal bites you. The jackal barely misses you.
You hit the jackal but do no damage.
You squeeze the jackal, but do no damage.
You constrict the jackal. The jackal bites you.
You hit the jackal but do no damage.
The jackal is lightly wounded.
You constrict the jackal. The jackal closely misses you.
You hit the jackal but do no damage.
You kill the jackal!
You barely miss the hobgoblin. You grab the hobgoblin.
You constrict the hobgoblin. The hobgoblin hits you with a club!
* * * LOW HITPOINT WARNING * * *
You hit the hobgoblin.
The hobgoblin is almost dead.
You constrict the hobgoblin, but do no damage.
The hobgoblin hits you with a club.
You die...

#.#####.# #.## #.#
### #..####.# #..
##....#.# # #.#
##..#'#.## #.#.#
###......#
#.#.#######.. #
#......#
#..h.h†.h....
###......#
###g#........
..#......#
#@#........ ##
..#......#
#.###############.
..#...#.##
#.................
..#...#.#####
#################.
..#.#.......# #.
###.#.......# #.
#.#.......# #.
###.#.......#
#############.
.##.#.......#
#.............


You could see a jackal and a hobgoblin.

Vanquished Creatures
  A bat (D:1)
  A giant cockroach (D:1)
  A goblin (D:1)
  A hobgoblin (D:1)
  2 jackals (D:1)
  A kobold (D:1)
  A rat (D:1)
8 creatures vanquished.

Notes
Turn   | Place    | Note
-------+----------+-------------------------------------------
     0 | D:1      | KristoblXynda the Octopode Enchanter began the quest for the Orb.
     0 | D:1      | Reached XP level 1. HP: 11/11 MP: 3/3
   227 | D:1      | Reached XP level 2. HP: 16/17 MP: 5/5
   246 | D:1      | Slain by a hobgoblin

Vault maps used:
D:1:      roderic_crossed_star

Action                   || total
-------------------------++-------
Melee: Dagger            ||    23
       Tentacles         ||     5
       Constrict         ||     4
 Stab: Sleeping          ||     3
Armor: Skin              ||     1
Dodge: Dodged            ||    11

Table legend:
 A = Spawn XP
 B = Non-spawn XP
 C = Spawn XP percentage of total XP
 D = Spawn monster count
 E = Non-spawn monster count
 F = Spawn count percentage of total count
 G = Total turns spent on level
                    A         B        C        D         E        F      G
               +---------+---------+-------+---------+---------+-------+---------
         Total |       0 |      15 |   0.0 |       0 |       8 |   0.0 |   246
               +---------+---------+-------+---------+---------+-------+---------
           D:1 |       0 |      15 |   0.0 |       0 |       8 |   0.0 |   246
               +---------+---------+-------+---------+---------+-------+---------
